 Dungeon Crawl Stone Soup version 0.27.0-1-g7a089689b8 (webtiles) character file.

Game seed: 3874924732599584250

231 Anothat the Chopper (level 5, 0/48 HPs)
             Began as a Minotaur Fighter on July 31, 2021.
             Succumbed to Sigmund's poison
             ... on level 3 of the Dungeon.
             The game lasted 00:04:59 (2854 turns).

Anothat the Chopper (Minotaur Fighter)              Turns: 2854, Time: 00:04:59

Health: 0/48       AC:  7    Str: 21    XL:     5   Next: 72%
Magic:  4/4        EV:  8    Int:  5    God:
Gold:   92         SH:  0    Dex: 10    Spells: 4/4 levels left

rFire    . . .     SeeInvis .   a - +0 war axe
rCold    + . .     Faith    .   c - +0 kite shield
rNeg     . . .     Spirit   .   m - +1 ring mail {rC+}
rPois    .         Reflect  .   (helmet restricted)
rElec    .         Harm     .   (no cloak)
rCorr    .         Rampage  .   (no gloves)
Will     .....                  (no boots)
Stlth    ..........             (no amulet)
HPRegen  0.16/turn              (no ring)
MPRegen  0.09/turn              (no ring)

@: confused, lethally poisoned (0 -> -30), attractive
A: horns 2, retaliatory headbutt
a: no special abilities


You were on level 3 of the Dungeon.
You visited 1 branch of the dungeon, and saw 3 of its levels.

You collected 92 gold pieces.

Inventory:

Hand Weapons
 a - a +0 war axe (weapon)
Armour
 b - a +0 scale mail
 c - a +0 kite shield (worn)
 m - a +1 ring mail of cold resistance (worn)
Jewellery
 l - a ring of flight
 n - a ring of wizardry
Scrolls
 d - a scroll of magic mapping {unknown}
 h - a scroll of fog
 k - a scroll of blinking {unknown}


   Skills:
 + Level 5.0 Fighting
 * Level 5.5 Axes
 + Level 5.0 Armour
 - Level 3.6 Shields


You had 4 spell levels left.
You didn't know any spells.
Your spell library contained the following spells:

 Spells                   Type           Power      Damage    Failure   Level
 Ignite Poison            Fire/Tmut/Pois 0%         N/A       100%        3
 Mephitic Cloud           Conj/Pois/Air  0%         N/A       100%        3
 Portal Projectile        Hex/Tloc       0%         N/A       100%        3
 Blade Hands              Tmut           0%         N/A       100%        5
 Bolt of Magma            Conj/Fire/Erth 0%         4d4       100%        5
 Excruciating Wounds      Necr           0%         N/A       100%        5


Dungeon Overview and Level Annotations

Branches:
Dungeon (3/15)

Altars:
Cheibriados
Dithmenos
Elyvilon
Okawaru
Qazlal
Sif Muna
Vehumet
Wu Jian
Xom
The Shining One

Annotations:
D:3 Sigmund


Innate Abilities, Weirdness & Mutations

You have a pair of horns on your head.
You reflexively headbutt those who attack you in melee.


Message History

Press: ? - help, Q - select action Shift-Dir - straight line, f - Sigmund
Aim: Sigmund, wielding a +4 scythe of venom and wearing a +0 robe (53% to hit)
You throw a throwing net. The throwing net hits Sigmund.
Sigmund is caught in the net!
Sigmund looks at you with fury.
Sigmund struggles against the net.
Sigmund struggles against the net.
You slash Sigmund! You headbutt Sigmund.
Sigmund is heavily wounded.
Sigmund struggles against the net.
You catch the helpless Sigmund completely off-guard!
You slash Sigmund! You headbutt Sigmund, but do no damage.
Sigmund is severely wounded.
Sigmund struggles against the net.
You hit Sigmund. You headbutt Sigmund, but do no damage.
Sigmund is severely wounded.
Sigmund points at you and mumbles some strange words.
You are confused.
Sigmund struggles against the net.
The net rips apart, and Sigmund comes free!
You bump into the rock wall.
Sigmund hits you with a +4 scythe of venom!
You are poisoned.
You miss Sigmund. Your headbutt misses Sigmund.
Sigmund is severely wounded.
You feel very sick.
Sigmund hits you with a +4 scythe of venom!
You are lethally poisoned!
You feel extremely sick.
Sigmund drinks a potion.
Sigmund seems to speed up.
Really quaff the potion of attraction?
You feel attractive to monsters.
* * * LOW HITPOINT WARNING * * *
You feel very sick. Sigmund closely misses you.
Sigmund hits you from afar with a +4 scythe of venom.
* * * LOW HITPOINT WARNING * * *
You are more poisoned.
Sigmund is pulled toward you!
You die...

.# #.# ##.##### .#
#.# #.# .# ##.## #.#
.# ##...## #.# .#
#.###.####.# .# #.#
#......# .#
#####.###.####.# .#
#...<....### #.# .#
#.........@###.#####
.#
#.###.####..@.......
... .## #.#
#.########.##### #..
..#
#.###........>(..
... #.#
#.......##########
#.# #># #.#####.#
#.# #.# #.# #.# #.#
#.# #.# #.# #.# #.#
#.# #.# #.#


You could see Sigmund (fast).

Vanquished Creatures
  3 orc priests (D:2)
  2 orc wizards (D:3)
  An adder (D:3)
  A worm (D:3)
  4 dart slugs
  11 orcs
  2 bats
  5 endoplasms
  2 giant cockroaches (D:1)
  4 goblins
  3 hobgoblins
  7 jackals
  A quokka (D:1)
  4 ball pythons
  5 frilled lizards
  3 kobolds (D:1)
  4 rats
62 creatures vanquished.

Notes
Turn   | Place    | Note
-------+----------+-------------------------------------------
     0 | D:1      | Anothat the Minotaur Fighter began the quest for the Orb.
     0 | D:1      | Reached XP level 1. HP: 19/19 MP: 0/0
   181 | D:1      | Reached XP level 2. HP: 27/27 MP: 1/1
  1066 | D:1      | Reached XP level 3. HP: 12/33 MP: 2/2
  1627 | D:2      | Reached XP level 4. HP: 23/41 MP: 3/3
  2119 | D:3      | Found a shimmering blue altar of Sif Muna.
  2120 | D:3      | Found a white marble altar of Elyvilon.
  2120 | D:3      | Found a shadowy altar of Dithmenos.
  2120 | D:3      | Found a radiant altar of Vehumet.
  2272 | D:2      | Reached XP level 5. HP: 41/47 MP: 4/4
  2294 | D:3      | Reached skill level 5 in Axes
  2407 | D:3      | Found an ornate altar of the Wu Jian Council.
  2407 | D:3      | Found an iron altar of Okawaru.
  2408 | D:3      | Found a shimmering altar of Xom.
  2513 | D:3      | Reached skill level 5 in Armour
  2569 | D:3      | Reached skill level 5 in Fighting
  2732 | D:3      | Found a faded altar of an unknown god.
  2732 | D:3      | Found a glowing golden altar of the Shining One.
  2740 | D:3      | Found a snail-covered altar of Cheibriados.
  2743 | D:3      | Found a faded altar of an unknown god.
  2745 | D:3      | Found a stormy altar of Qazlal.
  2837 | D:3      | Noticed Sigmund
  2854 | D:3      | Succumbed to Sigmund's poison

Illustrated notes

Levels and vault maps discovered:
D:1:      wheals_arrival_shading, layout_loops_ring, serial_park_tiny_2,
          chequers_serial_rivers_small_b
D:2:      layout_basic
D:3:      layout_loops_ring, grunt_temple_overflow_open,
          chequers_temple_overflow_minitemple, uniq_grinder, uniq_sigmund

Skill      XL: |  1  2  3  4  5 |
---------------+----------------+-----
Axes           | 3 4 5 |  5.5
Armour         | 4 5 |  5.0
Fighting       | 4 5 |  5.0
Shields        | |  3.6

Action                   |  1- 3 |  4- 6 || total
-------------------------+-------+-------++-------
Melee: War axe           |    74 |    48 ||   122
       Headbutt          |    10 |    12 ||    22
Throw: Throwing net      |       |     1 ||     1
  Use: Scroll            |     3 |       ||     3
       Potion            |     1 |     4 ||     5
 Stab: Held in net/web   |       |     1 ||     1
Armor: Scale mail        |    27 |    17 ||    44
Dodge: Dodged            |    27 |    16 ||    43
Block: Kite shield       |    41 |    25 ||    66
